 Dungeon Crawl Stone Soup version 0.22-a0-362-g535178c (webtiles) character file.

5311 mortelune the Carver (level 10, -1/120 HPs)
             Began as a Demonspawn Abyssal Knight on Apr 20, 2018.
             Was a Priest of Lugonu.
             Succumbed to a queen bee's poison
             ... on level 9 of the Dungeon.
             The game lasted 00:23:09 (11783 turns).

mortelune the Carver (Demonspawn Abyssal Knight)   Turns: 11783, Time: 00:23:09

Health: -1/120     AC: 25    Str: 15    XL:     10   Next: 37%
Magic:  16/16      EV:  2    Int: 13    God:    Lugonu [***...]
Gold:   93         SH:  0    Dex: 14    Spells: 9/9 levels left

rFire    + . .     SeeInvis .   a - +1 falchion
rCold    . . .     Gourm    .   (no shield)
rNeg     + + +     Faith    .   (armour currently unavailable)
rPois    +         Spirit   .   (helmet currently unavailable)
rElec    .         Reflect  .   (cloak currently unavailable)
rCorr    .         Harm     .   (gloves currently unavailable)
MR       +....     NoTele   +   (boots currently unavailable)
Stlth    ++........             z - amulet of regeneration
HPRegen  0.70/turn              g - ring of protection from magic
MPRegen  0.15/turn              p - ring of protection from fire

@: lethally poisoned (-1 -> -3), tree-form
A: nightstalker 1, rot immunity
a: Depart the Abyss, Bend Space, Banish, Renounce Religion


You were on level 9 of the Dungeon.
You worshipped Lugonu.
Lugonu was most pleased with you.
You were hungry.
You were a tree.
You visited 1 branch of the dungeon, and saw 9 of its levels.
You visited the Abyss 1 time.

You collected 313 gold pieces.
You spent 220 gold pieces at shops.

Inventory:

Hand Weapons
 a - a +1 falchion (weapon)
Missiles
 F - 4 tomahawks (quivered)
Armour
 b - a +0 leather armour
 m - a +0 buckler
 r - a +0 helmet (melded)
 u - a +0 ring mail
 y - a +0 scale mail (melded)
 K - a +0 pair of gloves (melded)
Jewellery
 g - a ring of protection from magic (left branch)
 o - a +3 ring of intelligence
 p - a ring of protection from fire (right branch)
 w - an uncursed ring of wizardry
 z - an amulet of regeneration (around neck)
Wands
 x - a wand of random effects (42)
Scrolls
 d - a scroll of enchant weapon {unknown}
 e - 2 scrolls of enchant armour {unknown}
 f - 2 scrolls of fear
 i - 2 scrolls of random uselessness
 j - 3 scrolls of immolation
 l - 3 scrolls of teleportation
 n - 6 scrolls of remove curse
 q - 5 scrolls of amnesia
 A - 2 scrolls of noise {unknown}
 C - a scroll of vulnerability {unknown}
 E - 2 scrolls of fog
 H - 3 scrolls of identify
Potions
 h - 6 potions of flight
 k - a potion of haste
 s - a potion of lignification
 t - 3 potions of brilliance
 v - a potion of might
 B - a potion of resistance
 D - a potion of magic
 G - a potion of agility {unknown}
 J - a potion of degeneration {unknown}
Comestibles
 c - 17 rations


   Skills:
 + Level 7.8 Fighting
 * Level 9.5 Long Blades
 + Level 6.3 Armour
 - Level 2.4 Dodging
 - Level 8.0 Invocations


You had 9 spell levels left.
You didn't know any spells.

Dungeon Overview and Level Annotations

Branches:
Dungeon (9/15)             Temple (0/1) D:4             Orc (0/2) D:9
   Lair: D:8-11

Altars:
Makhleb
Okawaru
Sif Muna
Trog
Uskayaw

Shops:
D:6 ?


Innate Abilities, Weirdness & Mutations

((You have sharp toenails.))
You are slightly more attuned to the shadows.
You are immune to rotting.


Message History

You turn into a tree.
Your +0 helmet melds into your body.
Your +0 pair of gloves melds into your body.
Your +0 scale mail melds into your body.
Your roots penetrate the ground.
* * * LOW HITPOINT WARNING * * *
You feel sick.
Unknown command.
Unknown command.
* * * LOW HITPOINT WARNING * * *
You feel sick.
* * * LOW HITPOINT WARNING * * *
You feel sick.
* * * LOW HITPOINT WARNING * * *
You feel sick.
* * * LOW HITPOINT WARNING * * *
You feel sick.
* * * LOW HITPOINT WARNING * * *
You feel sick.
It was a potion of magic.
Magic courses through your body.
You die...

##.#.#y#.# .. #..## #.#.###y
##...##.#y#.#.. .....#.#
#### .......####...
###............
##.#......... #§§†........
###♣......... #.
#.........##.#
########........##.######
#...............#.##.....
#........................
######...................
#...................
#...................
.########...................


There were no monsters in sight!

Vanquished Creatures
  Prince Ribbit (D:9)
  A hippogriff (D:9)
  A hog (D:7)
  A human (D:6)
  Edmund (D:4)
  Menkaure (D:5)
  An ice beast (D:9)
  A black bear (D:7)
  A sky beast (D:8)
  5 ogres
  4 centaurs
  A big kobold (D:7)
  4 bullfrogs
  3 scorpions
  11 killer bees
  3 howler monkeys
  6 crimson imps
  2 bullfrog zombies
  6 hounds
  3 jellies
  A centaur skeleton (D:6)
  4 iguanas
  An orc wizard (D:6)
  3 orc priests
  7 worker ants
  Natasha (thrice) (D:2)
  2 hound zombies (D:9)
  A hound skeleton (D:8)
  Robin (D:2)
  9 adders
  4 gnolls (D:3)
  A howler monkey skeleton (D:5)
  4 shadow imps
  2 oozes
  4 worms
  2 dart slugs
  4 leopard geckos
  22 orcs
  4 bats
  4 giant cockroaches
  15 goblins
  12 hobgoblins
  6 jackals (D:4)
  14 kobolds
  4 quokkas
  2 frilled lizards
  A jackal zombie (D:6)
  A leopard gecko zombie (D:6)
  A quokka skeleton (D:4)
  2 rats (D:2)
198 creatures vanquished.

Vanquished Creatures (others)
  A two-headed ogre (D:9)
  A queen bee (D:9)
  A hippogriff (D:9)
  3 hogs (D:6)
  An orc warrior (D:7)
  An ogre (D:6)
  2 killer bees (D:9)
  An orc priest (D:7)
11 creatures vanquished.

Grand Total: 209 creatures vanquished

Notes
Turn   | Place    | Note
-------+----------+-------------------------------------------
     0 | Abyss:1  | mortelune the Demonspawn Abyssal Knight began the quest for the Orb.
     0 | Abyss:1  | Reached XP level 1. HP: 18/18 MP: 2/2
    15 | D:1      | Escaped the Abyss
    93 | D:1      | Reached skill level 1 in Dodging
    95 | D:1      | Reached skill level 2 in Long Blades
   300 | D:1      | Gained mutation: You have sharp toenails. [demonic ancestry]
   300 | D:1      | Reached XP level 2. HP: 24/24 MP: 3/3
   855 | D:2      | Gained mutation: You are slightly more attuned to the shadows. [demonic ancestry]
   855 | D:2      | Reached XP level 3. HP: 22/29 MP: 4/4
  1289 | D:2      | Noticed Natasha
  1299 | D:2      | Killed Natasha
  1299 | D:2      | Reached skill level 3 in Long Blades
  1335 | D:2      | Noticed Natasha
  1340 | D:2      | Killed Natasha
  1340 | D:2      | Reached XP level 4. HP: 31/36 MP: 5/5
  1449 | D:2      | Reached ** piety under Lugonu
  1653 | D:2      | Noticed Robin
  2007 | D:2      | Noticed Natasha
  2013 | D:2      | Killed Natasha
  2153 | D:2      | Killed Robin
  2153 | D:2      | Gained mutation: You are immune to rotting. [demonic ancestry]
  2153 | D:2      | Reached XP level 5. HP: 11/42 MP: 6/6
  3511 | D:4      | Reached skill level 4 in Long Blades
  3588 | D:3      | Reached XP level 6. HP: 33/48 MP: 8/8
  3813 | D:4      | Found a bloodstained altar of Trog.
  3814 | D:4      | Found a deep blue altar of Sif Muna.
  5019 | D:4      | Found a hide-covered altar of Uskayaw.
  5244 | D:4      | Found a staircase to the Ecumenical Temple.
  5390 | D:5      | Entered Level 5 of the Dungeon
  5431 | D:5      | Reached XP level 7. HP: 24/55 MP: 9/9
  5919 | D:5      | Reached skill level 5 in Long Blades
  5968 | D:5      | Noticed Edmund
  6038 | D:4      | Killed Edmund
  6286 | D:5      | Reached *** piety under Lugonu
  6451 | D:5      | Reached skill level 5 in Fighting
  6776 | D:5      | Reached XP level 8. HP: 62/62 MP: 11/11
  6782 | D:5      | Reached skill level 5 in Invocations
  6813 | D:5      | Reached skill level 6 in Long Blades
  7160 | D:6      | HP: 2/62 [iguana (6)]
  7282 | D:6      | Noticed Menkaure
  7307 | D:5      | Killed Menkaure
  7720 | D:6      | Found Kotixaof's Magic Scroll Emporium.
  7759 | D:6      | Reached **** piety under Lugonu
  7764 | D:6      | Reached skill level 7 in Long Blades
  7792 | D:6      | Bought a scroll of identify for 26 gold pieces
  7792 | D:6      | Bought a scroll of teleportation for 39 gold pieces
  7792 | D:6      | Bought a scroll of remove curse for 39 gold pieces
  7792 | D:6      | Bought a scroll of fear for 45 gold pieces
  7792 | D:6      | Bought a scroll of fog for 26 gold pieces
  7792 | D:6      | Bought a scroll of immolation for 45 gold pieces
  8027 | D:6      | Found a burning altar of Makhleb.
  8027 | D:6      | Found an iron altar of Okawaru.
  8154 | D:7      | Reached XP level 9. HP: 19/69 MP: 13/13
  9003 | D:7      | Reached skill level 5 in Armour
  9217 | D:8      | Reached skill level 8 in Long Blades
 10785 | D:9      | Reached XP level 10. HP: 25/79 MP: 16/16
 11045 | D:9      | Reached skill level 9 in Long Blades
 11571 | D:9      | Found a staircase to the Orcish Mines.
 11572 | D:9      | Noticed a two-headed ogre
 11573 | D:9      | Banished a two-headed ogre
 11647 | D:9      | Noticed Prince Ribbit
 11715 | D:9      | Killed Prince Ribbit
 11776 | D:9      | HP: 3/80 [poisoned by a queen bee]
 11780 | D:9      | HP: 1/120 [poisoned by a queen bee]
 11783 | D:9      | Succumbed to a queen bee's poison

Vault maps used:
D:1:      dpeg_arrival_houses_and_road
D:2:      uniq_natasha, uniq_robin
D:3:      hex_intersection
D:4:      minmay_opposing_rooms, eat_drink_and_be_merry_uskayaw,
          chequers_temple_overflow_statue_of_worship,
          minmay_temple_entry_junction, first_ration
D:5:      uniq_edmund
D:6:      amethyst_overflow_temple_binary, kennysheep_windowed_goal,
          uniq_menkaure
D:7:      grunt_livestock
D:9:      orc_0_dummy, minmay_misc_feat_hallway, amethyst_killhole, minivault_7,
          uniq_prince_ribbit1

Skill      XL: |  1  2  3  4  5  6  7  8  9 10 |
---------------+-------------------------------+-----
Dodging        | 1 2 |  2.4
Long Blades    | 2 3 4 5 7 8 9 |  9.5
Fighting       | 4 5 6 7 |  7.8
Armour         | 2 3 4 5 6 |  6.3
Invocations    | 3 4 6 8 |  8.0

Action                   |  1- 3 |  4- 6 |  7- 9 | 10-12 || total
-------------------------+-------+-------+-------+-------++-------
Melee: Falchion          |    59 |   187 |   562 |   121 ||   929
       Kick              |    12 |    56 |   186 |    33 ||   287
Throw: Tomahawk          |       |       |     3 |       ||     3
Invok: Banish            |       |       |     6 |     6 ||    12
  Use: Scroll            |       |    10 |     3 |       ||    13
       Potion            |       |     2 |     4 |     2 ||     8
 Stab: Sleeping          |     1 |     4 |       |       ||     5
       Distracted        |       |     1 |       |       ||     1
  Eat: Chunk             |     1 |    12 |    14 |     5 ||    32
       Ration            |       |       |     2 |       ||     2
Armor: Leather armour    |    14 |     9 |       |       ||    23
       Ring mail         |       |    13 |       |       ||    13
       Scale mail        |       |    57 |   231 |    56 ||   344
Dodge: Dodged            |    37 |   141 |   312 |    76 ||   566
Block: Buckler           |     2 |       |       |       ||     2
       Rpst.: Falchion   |    13 |    44 |    90 |    29 ||   176

Table legend:
 A = Spawn XP
 B = Non-spawn XP
 C = Spawn XP percentage of total XP
 D = Spawn monster count
 E = Non-spawn monster count
 F = Spawn count percentage of total count
 G = Total turns spent on level
                    A         B        C        D         E        F      G
               +---------+---------+-------+---------+---------+-------+---------
         Total |       0 |    7588 |   0.0 |       0 |     209 |   0.0 | 11783
               +---------+---------+-------+---------+---------+-------+---------
           D:1 |       0 |      29 |   0.0 |       0 |      13 |   0.0 |  1232
           D:2 |       0 |     194 |   0.0 |       0 |      34 |   0.0 |  1568
           D:3 |       0 |     169 |   0.0 |       0 |      20 |   0.0 |  1267
           D:4 |       0 |     463 |   0.0 |       0 |      22 |   0.0 |  1924
           D:5 |       0 |     910 |   0.0 |       0 |      21 |   0.0 |  1254
           D:6 |       0 |    1456 |   0.0 |       0 |      30 |   0.0 |  1055
           D:7 |       0 |     749 |   0.0 |       0 |      20 |   0.0 |   874
           D:8 |       0 |     642 |   0.0 |       0 |      17 |   0.0 |  1480
           D:9 |       0 |    2976 |   0.0 |       0 |      32 |   0.0 |  1114
               +---------+---------+-------+---------+---------+-------+---------
